 Dungeon Crawl Stone Soup version 0.30-a0-793-g160f7cfddd (webtiles) character file.

Game seed: 14714979481513310952

352 mandarbmax the Shooter (level 6, 0/44 HPs)
             Began as a Human Hunter on Feb 19, 2023.
             Slain by a phantom (7 damage)
             ... on level 4 of the Dungeon.
             The game lasted 00:04:40 (2413 turns).

mandarbmax the Shooter (Human Hunter)               Turns: 2413, Time: 00:04:40

Health: 0/44       AC:  4    Str: 11    XL:     6   Next: 93%
Magic:  6/6        EV: 12    Int:  9    God:
Gold:   171        SH:  0    Dex: 19    Spells: 5/5 levels left

rFire   + . .      SeeInvis .    a - +1 shortbow (drain)
rCold   . . .      Faith    .    (shield currently unavailable)
rNeg    . . .      Spirit   .    c - +0 leather armour
rPois   .          Reflect  .    (no helmet)
rElec   .          Harm     .    (no cloak)
rCorr   .          Rampage  .    m - +0 pair of gloves
Will    .....                    (no boots)
Stlth   ++                       (no amulet)
HPRegen 0.27/turn                j - ring of protection from fire
MPRegen 0.10/turn                (no ring)

@: weak-willed, hasted, very quick
A: no striking features
a: no special abilities


You were on level 4 of the Dungeon.
You visited 1 branch of the dungeon, and saw 4 of its levels.
You also visited: Sewer.

You collected 235 gold pieces.
You spent 64 gold pieces at shops.

Inventory:

Hand Weapons
 a - a +1 shortbow of draining (weapon)
Armour
 c - a +0 leather armour (worn)
 m - a +0 pair of gloves (worn)
 t - a +0 cloak
Jewellery
 j - a ring of protection from fire (left hand)
Scrolls
 b - 2 scrolls of immolation
 e - 2 scrolls of noise
 g - 2 scrolls of fog
 h - a scroll of vulnerability
 k - a scroll of brand weapon
Potions
 d - a potion of flight
 i - a potion of berserk rage
 n - a potion of lignification
 s - a potion of brilliance {unknown}


   Skills:
 - Level 2.0 Fighting
 + Level 7.7 Ranged Weapons
 - Level 2.0 Dodging
 - Level 1.0 Stealth


You had 5 spell levels left.
You didn't know any spells.
Your spell library contained the following spells:

 Spells                   Type           Power      Damage    Failure   Level
 Blink                    Tloc           0%         N/A       63%         2
 Ensorcelled Hibernation  Hex/Ice        0%         N/A       63%         2
 Lesser Beckoning         Tloc           0%         N/A       63%         2
 Momentum Strike          Conj/Tloc      0%         3d8       63%         2
 Spider Form              Tmut/Pois      0%         N/A       85%         3
 Anguish                  Hex/Necr       0%         N/A       99%         4


Dungeon Overview and Level Annotations

Branches:
Dungeon (4/15)              Sewer (visited)
 Temple: D:4-7

Altars:
Makhleb
Xom

Shops:
D:3 *

Annotations:
D:3 2 transporters, browni3141's ghost, amateur DsWn


Message History

Unknown command.
Fire: a) +1 shortbow (drain)
Press: ? - help, Q - select action Shift-Dir - straight line, f - goblin
Aim: a goblin, wielding a +0 dagger (60% to hit)
You shoot an arrow. The arrow closely misses the goblin.
The phantom hits you.
* * * LOW HITPOINT WARNING * * *
The phantom blinks!
You blink.
Found a potion of curing.
Fire: a) +1 shortbow (drain)
Press: ? - help, Q - select action Shift-Dir - straight line, f/p - goblin
Aim: a goblin, wielding a +0 dagger (60% to hit)
You shoot an arrow.
The arrow hits the phantom but does no damage.
The phantom is moderately damaged.
Your surroundings suddenly seem different.
A phantom and a quokka come into view.
Found 16 gold pieces.
The quokka moves out of view.
It was a potion of haste.
You feel yourself speed up.
Fire: a) +1 shortbow (drain)
Press: ? - help, Q - select action Shift-Dir - straight line, f - phantom
Aim: a phantom (57% to hit)
You shoot an arrow. The arrow hits the phantom.
The phantom is moderately damaged.
The phantom barely misses you.
Unknown command.
Fire: a) +1 shortbow (drain)
Press: ? - help, Q - select action Shift-Dir - straight line, f/p - phantom
Aim: a phantom (moderately damaged, 57% to hit)
You shoot an arrow. The arrow hits the phantom!
The phantom is severely damaged.
The phantom hits you.
* * * LOW HITPOINT WARNING * * *
Unknown command.
Fire: a) +1 shortbow (drain)
Press: ? - help, Q - select action Shift-Dir - straight line, f/p - phantom
Aim: a phantom (severely damaged, 57% to hit)
You shoot an arrow. The arrow hits the phantom.
The phantom is severely damaged.
The phantom hits you!
You die...

. #. #..
#..#####
#......#
#......#
#......# #@#
#..$W........
.......##r.....
##..... ......
#..... .....
#..... .....
##.... ....
##.#. .#..


You could see a phantom and a quokka.

Vanquished Creatures
  A water moccasin (Sewer)
  A crimson imp (D:4)
  A hound (D:4)
  Jessica (D:2)
  6 adders
  2 river rats (D:3)
  2 worms (D:3)
  2 dart slugs
  An orc (D:3)
  13 bats
  6 endoplasms
  6 giant cockroaches
  4 goblins
  7 hobgoblins
  3 quokkas
  8 ball pythons
  3 frilled lizards
  6 kobolds
  7 rats
80 creatures vanquished.

Notes
Turn   | Place    | Note
-------+----------+-------------------------------------------
     0 | D:1      | mandarbmax the Human Hunter began the quest for the Orb.
     0 | D:1      | Reached XP level 1. HP: 16/16 MP: 1/1
   179 | D:1      | Reached XP level 2. HP: 22/22 MP: 2/2
   459 | D:2      | Found a faded altar of an unknown god.
   488 | D:2      | Reached XP level 3. HP: 27/27 MP: 3/3
   584 | D:2      | Reached skill level 5 in Ranged Weapons
   662 | D:2      | Noticed Jessica
   672 | D:2      | Reached XP level 4. HP: 25/33 MP: 4/4
   672 | D:2      | Killed Jessica
   997 | D:2      | Reached XP level 5. HP: 28/38 MP: 5/5
  1237 | D:3      | Reached skill level 6 in Ranged Weapons
  1245 | D:3      | Found a glowing drain.
  1280 | Sewer    | Entered a sewer
  1360 | Sewer    | Noticed a water moccasin
  1382 | Sewer    | Killed a water moccasin
  1383 | Sewer    | Reached skill level 7 in Ranged Weapons
  1383 | Sewer    | Reached XP level 6. HP: 14/44 MP: 6/6
  1635 | D:3      | Noticed browni3141's ghost (amateur DsWn)
  1636 | D:3      | Found a transporter.
  1637 | D:3      | Noticed an ogre
  1639 | D:3      | Identified the +2 dire flail "Orb Guardian's Bane" {drain,
                  | Will+ Str+2 Dex+4}
  1639 | D:3      | Noticed an ogre
  1640 | D:3      | Found a transporter.
  1648 | D:3      | Found Ushrerajosm's Assorted Antiques.
  1679 | D:3      | Bought a scroll labelled QURHEM IKIZOSM for 32 gold pieces
  1679 | D:3      | Bought a scroll labelled DEZIRO VEIHIT for 32 gold pieces
  2370 | D:4      | Found a burning altar of Makhleb.
  2370 | D:4      | Found a shimmering altar of Xom.
  2413 | D:4      | Slain by a phantom

Illustrated notes

Levels and vault maps discovered:
D:1:      dpeg_arrival_refuge, layout_rooms, chequers_serial_rivers_micro_c,
          st_stairs_4
D:2:      layout_loops_ring, basic_ecumenical_altar, uniq_jessica
D:3:      layout_loops_ring, portal_sewer_entry_a, serial_shops, shop_fountains,
          serial_rivers, chequers_serial_rivers_micro_b,
          chequers_serial_rivers_micro_b, chequers_serial_rivers_small_3,
          chequers_serial_rivers_micro_b, gammafunk_ghost_smash
D:4:      minmay_razor_zed, layout_basic,
          grunt_temple_overflow_champion_of_chaos, enter_ossuary_2,
          serial_shops, shop_fountains

Skill      XL: |  1  2  3  4  5 |
---------------+----------------+-----
Ranged Weapons | 5 7 |  7.7
Fighting       | |  2.0
Dodging        | |  2.0
Stealth        | |  1.0

Action                     |  1- 3 |  4- 6 || total
---------------------------+-------+-------++-------
   Fire: Shortbow          |    83 |   180 ||   263
    Use: Potion            |       |     5 ||     5
         Scroll            |       |    11 ||    11
 Armour: Leather armour    |     9 |    30 ||    39
  Dodge: Dodged            |    15 |    76 ||    91

Table legend: (Time is in decaauts)
 A = Elapsed time spent in this place.
 B = Non-inter-level travel time spent in this place.
 C = Inter-level travel time spent in this place.
 D = Time resting spent in this place.
 E = Time spent auto-exploring this place.
 F = Levels seen in this place.
 G = Mean time per level.
                   A        B        C        D        E       F      G
               +--------+--------+--------+--------+--------+-----+--------+
         Total |   2484 |   2381 |    103 |      0 |   1900 |   5 |  496.8 |
       Dungeon |   2220 |   2117 |    103 |      0 |   1696 |   4 |  555.0 |
         Sewer |    263 |    263 |      0 |      0 |    204 |   1 |  263.0 |
               +--------+--------+--------+--------+--------+-----+--------+

Top non-repeatable levels by time:
     D:3: 818 daAuts
     D:2: 799 daAuts
     D:1: 466 daAuts
   Sewer: 263 daAuts
     D:4: 136 daAuts
